 Dungeon Crawl Stone Soup version 0.19.0-2-gae57169 (webtiles) character file.

15066 Drunkenshrew the Cleaver (level 11, -12/115 HPs)
             Began as a Minotaur Fighter on Nov 4, 2016.
             Was an Elder of Trog.
             Mangled by a freezing wraith (19 damage)
             ... led by a death knight
             ... on level 13 of the Dungeon.
             The game lasted 00:36:54 (10791 turns).

Drunkenshrew the Cleaver (Minotaur Fighter)        Turns: 10791, Time: 00:36:57

Health: -12/115    AC:  5    Str: 23    XL:     11   Next: 97%
Magic:  13/13      EV: 15    Int:  5    God:    Trog [****..]
Gold:   674        SH: 11    Dex: 13    Spells: 0 memorised, 10 levels left

rFire  . . .     SeeInvis .     a - +4 war axe
rCold  . . .     Gourm    .     N - +0 troll leather armour
rNeg   . . .     Faith    .     c - +0 shield
rPois  +         Spirit   .     (helmet restricted)
rElec  .         Reflect  .     i - +0 cloak {MR+}
rCorr  +         Harm     .     (no gloves)
MR     +++..                    w - -1 pair of boots (curse)
Stlth  +.........               b - amulet of Vitality {Regen+ HP+15}
                                l - ring of poison resistance
                                u - ring of resist corrosion

@: exhausted, regenerating, slowed, drained, very slow
A: retaliatory headbutt, horns 2, blurry vision 1, deformed body, strong 1
a: Berserk, Trog's Hand, Brothers in Arms, Burn Spellbooks, Renounce Religion


You were on level 13 of the Dungeon.
You worshipped Trog.
Trog was greatly pleased with you.
You were not hungry.

You visited 2 branches of the dungeon, and saw 14 of its levels.

You collected 674 gold pieces.

Inventory:

Hand Weapons
 a - a +4 war axe (weapon)
 o - a +2 mace of protection
 K - a +1 war axe of chopping
Armour
 c - a +0 shield (worn)
 i - a +0 cloak of magic resistance (worn)
 w - a cursed -1 pair of boots (worn)
 L - a +0 chain mail
 N - a +0 troll leather armour (worn)
Jewellery
 b - the amulet of Vitality (around neck) {Regen+ HP+15}
   (You found it on level 9 of the Dungeon)

   [amulet of regeneration]

   It affects your health (+15).
   It increases your rate of regeneration.
 h - an uncursed amulet of rage
 l - a ring of poison resistance (right hand)
 u - a ring of resist corrosion (left hand)
 H - the amulet "Dedig" {RegenMP Slay+3}
   (You found it on level 12 of the Dungeon)

   [amulet of magic regeneration]

   It increases your magic regeneration.
   It affects your accuracy and damage with ranged weapons and melee attacks
   (+3).
Wands
 g - a wand of iceblast (9/15)
 n - a wand of paralysis (8/24)
 t - a wand of flame (26/48)
 v - a wand of digging (24/24)
 y - a wand of lightning (10/15)
 D - a wand of flame (39/48)
 J - a wand of lightning (6/15)
Scrolls
 j - 5 scrolls of teleportation
 m - 4 scrolls of remove curse
 q - 2 scrolls of enchant armour
 E - a scroll of fog
 F - a scroll of enchant weapon
 M - 3 scrolls of fear
 O - a scroll of recharging
 P - a scroll of blinking
Potions
 d - a potion of resistance
 e - a potion of haste
 k - 4 potions of brilliance
 s - 3 potions of curing
 z - a potion of flight
 B - 2 potions of invisibility
 C - 4 potions of might
 I - 2 potions of agility {unknown}
Comestibles
 f - 14 bread rations
 p - 4 beef jerkies
 r - 5 meat rations
 x - 10 slices of pizza
 A - 6 fruits
 G - a royal jelly
 Q - 8 chunks of flesh


   Skills:
 - Level 10.2(9.2) Fighting
 + Level 12.8(11.8) Axes
 - Level 9.1(8.2) Armour
 - Level 10.1(9.1) Dodging
 - Level 8.0(7.1) Shields
 - Level 5.0(4.1) Evocations


You had 10 spell levels left.
You didn't know any spells.

Dungeon Overview and Level Annotations

Branches:
Dungeon (13/15)            Temple (1/1) D:4            Lair (0/6) D:8
    Orc (0/2) D:9
 Vaults: D:13-14

Altars:
Ashenzari
Cheibriados
Dithmenos
Elyvilon
Fedhas
Gozag
Hepliaklqana
Kikubaaqudgha
Makhleb
Nemelex Xobeh
Okawaru
Qazlal
Ru
Sif Muna
Trog
Uskayaw
Vehumet
Xom
Yredelemnul
Zin
The Shining One

Shops:
D:9 (

Portals:
Ice
Cave: D:13


Innate Abilities, Weirdness & Mutations

You reflexively headbutt those who attack you in melee.
You have a pair of horns on your head.
Scrolls take you a little longer to read.
Armour fits poorly on your strangely shaped body.
Your muscles are strong. (Str +2)


Message History

The wight barely misses you.
You closely miss the wight.
The wight is almost destroyed.
You slash the wight!
You hit the freezing wraith but do no damage.
Your shield prevents you from hitting the wight.
The freezing wraith misses you. You block the freezing wraith's attack.
The wight hits you with an enchanted mace!
* * * LOW HITPOINT WARNING * * *
You feel drained.
* * * LOW HITPOINT WARNING * * *
The wight barely misses you. You furiously retaliate!
You headbutt the wight, but do no damage.
The wight misses you. You furiously retaliate!
You headbutt the wight.
You destroy the wight!
Trog accepts your kill. The freezing wraith hits you!
* * * LOW HITPOINT WARNING * * *
The freezing wraith freezes you!!
You die...

#####.###..#.###.##.#
.##..##.
###[..(()...........
......##.
.......))(..........
## ..
###.#####..#.##..##
.. #. #..#.##..# #.
#..#.....# #
#..#.##..# .#
#..#.##z.##...#
.......)@W....#
...#...)z.......
...............
................
#.###.##..##..#.. ...
.... ..... .... ....
..#.. .. ..... ....


You could see a freezing wraith and 2 wights.

Vanquished Creatures
  An unseen horror (D:10)
  The ghost of gitgud34 the Basher, a novice MiFi of Uskayaw (D:6)
  2 hill giants
  2 deep elf magi
  A cyclops (D:13)
  2 ugly things
  A manticore (D:12)
  3 centaur zombies
  3 kobold demonologists (D:13)
  3 gargoyles
  2 trolls (D:12)
  A two-headed ogre (D:11)
  A hippogriff (D:11)
  4 water elementals (D:11)
  A wraith (D:13)
  2 wyverns
  6 yaks
  A basilisk (D:13)
  A steam dragon (D:11)
  2 hungry ghosts
  A human (D:8)
  A soldier ant (D:11)
  3 orc warriors
  2 ice beasts
  3 sky beasts
  The ghost of Drunkenshrew the Skirmisher, an amateur DrMo (D:3)
  3 necrophages (D:6)
  A phantom (D:4)
  3 ogres
  6 centaurs
  3 big kobolds (D:13)
  5 bullfrogs
  A water moccasin zombie (D:6)
  A wyvern zombie (D:11)
  4 scorpions
  7 wights
  2 howler monkeys
  4 crimson imps
  2 bullfrog zombies
  3 hounds
  4 jellies
  Crazy Yiuf (D:5)
  9 orc priests
  2 centaur skeletons
  5 iguanas
  3 worker ants
  6 orc wizards
  A hound skeleton (D:8)
  A gnoll (D:4)
  16 adders
  2 shadow imps (D:5)
  12 white imps (D:13)
  An adder skeleton (D:8)
  2 adder zombies (D:6)
  3 dart slugs
  3 leopard geckos
  30 orcs
  2 giant cockroaches (D:4)
  7 goblins
  8 hobgoblins
  9 jackals
  11 kobolds
  3 quokkas
  2 ball pythons
  7 bats
  2 frilled lizards (D:3)
  A jackal skeleton (D:4)
  A leopard gecko skeleton (D:6)
  4 rats
  6 bushes (D:6)
260 creatures vanquished.

Vanquished Creatures (others)
  4 plants (D:6)
4 creatures vanquished.

Grand Total: 264 creatures vanquished

Notes
Turn   | Place    | Note
-------+----------+-------------------------------------------
     0 | D:1      | Drunkenshrew the Minotaur Fighter began the quest for the Orb.
     0 | D:1      | Reached XP level 1. HP: 19/19 MP: 0/0
   365 | D:1      | Reached XP level 2. HP: 27/27 MP: 1/1
  1130 | D:2      | Reached XP level 3. HP: 33/33 MP: 2/2
  1197 | D:2      | Found a sacrificial altar of Ru.
  1226 | D:2      | Reached skill level 3 in Axes
  1606 | D:2      | Reached XP level 4. HP: 24/41 MP: 3/3
  2179 | D:3      | Noticed Drunkenshrew's ghost (amateur DrMo)
  2184 | D:3      | Killed Drunkenshrew's ghost
  2184 | D:3      | Reached skill level 5 in Shields
  2184 | D:3      | Reached XP level 5. HP: 39/47 MP: 4/4
  2476 | D:3      | Reached skill level 5 in Fighting
  2686 | D:4      | Found a staircase to the Ecumenical Temple.
  2698 | Temple   | Entered the Ecumenical Temple
  2720 | Temple   | Became a worshipper of Trog the Wrathful
  2968 | D:4      | Found a stormy altar of Qazlal.
  2971 | D:4      | Noticed a fire elemental
  2971 | D:4      | Noticed an air elemental
  2971 | D:4      | Noticed a water elemental
  3119 | D:4      | Reached skill level 4 in Axes
  3128 | D:4      | Noticed a phantom
  3154 | D:4      | Killed a phantom
  3154 | D:4      | Reached XP level 6. HP: 36/56 MP: 5/5
  3333 | D:4      | Noticed an angel
  3336 | D:4      | Found a shimmering altar of Xom.
  3336 | D:4      | Found a glowing silver altar of Zin.
  3500 | D:4      | Found an iron altar of Okawaru.
  3660 | D:4      | Reached skill level 5 in Axes
  3783 | D:4      | Reached skill level 5 in Armour
  3856 | D:5      | Entered Level 5 of the Dungeon
  4208 | D:5      | You fall through a shaft for 2 floors!
  4229 | D:7      | Reached skill level 1 in Dodging
  4229 | D:7      | Reached XP level 7. HP: 62/62 MP: 6/6
  4321 | D:7      | Reached skill level 6 in Axes
  4334 | D:6      | Noticed gitgud34's ghost (novice MiFi)
  4344 | D:6      | Killed gitgud34's ghost
  4344 | D:6      | Reached skill level 7 in Axes
  4344 | D:6      | Reached XP level 8. HP: 48/71 MP: 7/7
  4381 | D:6      | Reached skill level 8 in Axes
  4445 | D:6      | Found a blossoming altar of Fedhas.
  4470 | D:5      | Reached * piety under Trog
  4493 | D:5      | Found a runed door.
  4497 | D:5      | Noticed Crazy Yiuf
  4500 | D:5      | Killed Crazy Yiuf
  4643 | D:5      | Reached skill level 9 in Axes
  5302 | D:7      | Reached XP level 9. HP: 82/82 MP: 8/8
  5751 | D:8      | Found a staircase to the Lair.
  5771 | D:8      | Reached skill level 10 in Axes
  5840 | D:8      | Reached ** piety under Trog
  6136 | D:8      | Reached skill level 10 in Fighting
  6756 | D:9      | Found Qusu's Weapon Shoppe.
  6785 | D:9      | Reached skill level 5 in Dodging
  6860 | D:9      | Gained mutation: Scrolls take you a little longer to read. [mutagenic meat]
  6861 | D:9      | Gained mutation: Armour fits poorly on your strangely shaped body. [mutagenic meat]
  6862 | D:9      | Gained mutation: Your muscles are strong. (Str +2) [mutagenic meat]
  6961 | D:9      | Found a staircase to the Orcish Mines.
  7320 | D:9      | Found a sparkling altar of Nemelex Xobeh.
  7628 | D:9      | Noticed a deep elf mage
  7638 | D:9      | Killed a deep elf mage
  7638 | D:9      | Reached XP level 10. HP: 93/93 MP: 9/9
  7760 | D:9      | Found a deep blue altar of Sif Muna.
  7805 | D:10     | Entered Level 10 of the Dungeon
  7845 | D:10     | Noticed a hill giant
  7849 | D:10     | Killed a hill giant
  8067 | D:10     | Found a shattered altar of Ashenzari.
  8239 | D:10     | Reached skill level 1 in Evocations
  8293 | D:10     | Killed an unseen horror
  8785 | D:11     | Reached skill level 5 in Evocations
  8793 | D:11     | Noticed a gargoyle
  8806 | D:11     | Killed a gargoyle
  8919 | D:11     | Noticed a hill giant
  8928 | D:11     | Killed a hill giant
  9160 | D:11     | Noticed a purple ugly thing
  9173 | D:11     | Killed a purple ugly thing
  9173 | D:11     | Reached XP level 11. HP: 100/100 MP: 13/13
  9564 | D:11     | Noticed a deep elf mage
  9573 | D:11     | Killed a deep elf mage
  9837 | D:12     | Got an ancient golden amulet
  9841 | D:12     | Identified the amulet "Dedig" {RegenMP Slay+3} (You found it on level 12 of the Dungeon)
 10006 | D:12     | Reached *** piety under Trog
 10144 | D:12     | Reached skill level 10 in Dodging
 10312 | D:13     | Noticed a red ugly thing
 10331 | D:13     | Killed a red ugly thing
 10439 | D:13     | Reached skill level 11 in Axes
 10574 | D:13     | Reached skill level 12 in Axes
 10714 | D:13     | Reached **** piety under Trog
 10717 | D:13     | Found a frozen archway.
 10791 | D:13     | Mangled by a freezing wraith

Skill      XL: |  1  2  3  4  5  6  7  8  9 10 11 |
---------------+----------------------------------+-----
Shields        | 4 5 8 |  8.0
Fighting       | 4 5 6 8 10 | 10.2
Axes           | 3 4 5 7 9 10 12 | 12.8
Armour         | 4 5 7 9 |  9.1
Dodging        | 1 3 4 7 8 10 | 10.1
Evocations     | 5 |  5.0

Action                   |  1- 3 |  4- 6 |  7- 9 | 10-12 || total
-------------------------+-------+-------+-------+-------++-------
Melee: War axe           |    97 |   129 |   210 |   308 ||   744
       Headbutt          |     6 |    24 |    49 |    78 ||   157
Invok: Burn Spellbooks   |       |     1 |     3 |       ||     4
       Berserk           |       |       |     7 |    13 ||    20
       Trog's Hand       |       |       |     1 |     1 ||     2
  Use: Potion            |       |     3 |     1 |     4 ||     8
       Scroll            |       |    18 |     7 |     3 ||    28
 Stab: Distracted        |       |       |       |     1 ||     1
  Eat: Chunk             |     2 |     9 |    17 |    18 ||    46
       Pizza             |       |       |     1 |     3 ||     4
       Bread ration      |       |       |     1 |       ||     1
       Royal jelly       |       |       |       |     1 ||     1
Armor: Scale mail        |    60 |    56 |    35 |       ||   151
       Chain mail        |       |       |     2 |    76 ||    78
       Troll leather arm |       |       |       |     7 ||     7
Dodge: Dodged            |    38 |    39 |    46 |   141 ||   264
Block: Shield            |    58 |    58 |    59 |   179 ||   354
